AoeStats
← RIO1000

Arena

509243167Analyzed
3v3 RM · 7d ago on Sep 26, 2026· 33m 55s· 6 players
Game mode
Random Map
Map size
Normal (6 player)
Population
200
Speed
Normal
Resources
Standard
Victory
Conquest
Starting age
Dark Age
Ending age
Imperial Age
RankedLock teamsTeams togetherTeam positionsShared explorationLock speedFull tech treeHidden civsTurbo modeCheats
Victory
Defeat
🇲🇽 Franks · Mexico
964
+14
🇺🇸 Inca · United States
929
+15
🇲🇽 Saxons · Mexico
898
+17
🇦🇷 Hindustanis · Argentina
921
-16
🇦🇷 Franks · Argentina
916
-15
🇦🇷 Goths · Argentina
908
-15
MetaGing
8:26 Loom
11:07 Feudal Age
11:34 Double-Bit Axe
11:32 Horse Collar
17:38 Castle Age
16:27 Gold Mining
16:38 Stone Mining
19:04 Wheelbarrow
29:12 Imperial Age
28:10 Scale Mail Armor
29:52 Chain Mail Armor
29:53 Forging
31:20 Conscription
32:24 Plate Mail Armor
33:22 Iron Casting
32:54 Squires
32:40 Arson
NordicPain
9:30 Feudal Age
14:38 Castle Age
13:04 Stone Mining
13:24 Loom
14:04 Double-Bit Axe
14:18 Horse Collar
15:04 Fletching
19:51 Bodkin Arrow
27:34 Wheelbarrow
29:04 Bow Saw
29:17 Gold Mining
30:20 Ballistics
30:50 Sanctity
32:50 Heavy Plow
33:31 Gold Shaft Mining
RIO1000
10:23 Feudal Age
14:24 Castle Age
13:25 Double-Bit Axe
15:16 Bow Saw
15:59 Wheelbarrow
15:56 Loom
17:03 Stone Mining
22:25 Hand Cart
22:13 Gold Mining
24:11 Gold Shaft Mining
23:51 Forging
24:23 Scale Barding Armor
25:14 Husbandry
25:03 Town Watch
26:25 Chain Barding Armor
27:41 Iron Casting
32:42 Imperial Age
33:02 Cavalier
Concept
11:52 Feudal Age
16:20 Castle Age
15:06 Horse Collar
15:12 Double-Bit Axe
19:05 Loom
24:47 Bow Saw
25:44 Husbandry
25:57 Bloodlines
28:42 Light Cavalry
28:49 Light Cavalry
31:38 Pikeman
32:04 Arson
32:22 Squires
Dr. Sexo
14:31 Feudal Age
18:21 Castle Age
16:55 Double-Bit Axe
19:14 Bow Saw
24:39 Scale Barding Armor
27:41 Husbandry
29:26 Chain Barding Armor
30:30 Forging
31:47 Iron Casting
Jin
10:03 Feudal Age
14:05 Castle Age
12:46 Double-Bit Axe
15:41 Bow Saw
15:46 Loom
19:10 Horse Collar
22:41 Wheelbarrow
23:47 Heavy Plow
24:37 Forging
26:50 Hand Cart
26:16 Man-at-Arms
26:57 Squires
26:53 Long Swordsman
28:14 Iron Casting
29:00 Gold Mining
30:15 Scale Mail Armor
30:06 Fletching
33:44 Imperial Age
30:48 Pikeman
31:48 Anarchy
31:56 Treadmill Crane
33:33 Chain Mail Armor
Connection lost

Rejoining the realm…

Still unreachable

The connection could not be restored.

Session expired

The server has moved on; the page needs a fresh start.